 Dungeon Crawl Stone Soup version 0.18.1-2-ga659475 (webtiles) character file.

88 Heskey the Skirmisher (level 4, -3/37 HPs)
             Began as a Demonspawn Fighter on May 8, 2016.
             Slain by Scarto's ghost (13 damage)
             ... on level 3 of the Dungeon.
             The game lasted 00:04:53 (2871 turns).

Heskey the Skirmisher (Demonspawn Fighter)          Turns: 2871, Time: 00:04:53

Health: -3/37      AC: 11    Str: 17 (18) XL:     4   Next: 29%
Magic:  4/4        EV:  6    Int:  7 (9)  God:
Gold:   160        SH:  9    Dex: 14 (17) Spells: 0 memorised, 3 levels left

rFire  . . .     SeeInvis .     a - +0 war axe
rCold  . . .     Gourm    .     b - +0 scale mail
rNeg   . . .     Faith    .     c - +0 shield
rPois  .         Spirit   .     j - +2 helmet
rElec  .         Dismiss  .     (no cloak)
rCorr  .         Reflect  .     (no gloves)
SustAt .         Harm     .     g - +0 pair of boots
MR     .....                    (no amulet)
Stlth  +.........               (no ring)
                                t - ring of wizardry

@: agile, not resistant to hostile enchantments, very unstealthy
A: powered by pain 1, regeneration 1
a: no special abilities


You were on level 3 of the Dungeon.
You were not hungry.

You visited 1 branch of the dungeon, and saw 3 of its levels.

You collected 160 gold pieces.

Inventory:

Hand Weapons
 a - a +0 war axe (weapon)
Armour
 b - a +0 scale mail (worn)
 c - a +0 shield (worn)
 g - a +0 pair of boots (worn)
 j - a +2 helmet (worn)
Jewellery
 t - a ring of wizardry (left hand)
Scrolls
 n - 3 scrolls of identify
 r - 2 scrolls of magic mapping
Comestibles
 f - a bread ration
 k - 2 meat rations
 o - a beef jerky


   Skills:
 * Level 4.2 Fighting
 + Level 2.6 Axes
 + Level 3.1 Armour
 - Level 2.6 Shields


You had 3 spell levels left.
You didn't know any spells.

Dungeon Overview and Level Annotations

Branches:
Dungeon (3/15)

Altars:

Annotations:
D:3 Scarto's ghost, amateur GrFi


Innate Abilities, Weirdness & Mutations

You sometimes gain a little power by taking damage.
Your natural rate of healing is unusually fast.


Message History

You hit Scarto's ghost but do no damage.
Scarto's ghost is moderately damaged.
Scarto's ghost hits you but does no damage.
You barely miss Scarto's ghost.
Scarto's ghost is moderately damaged.
You block Scarto's ghost's attack.
Scarto's ghost hits you but does no damage.
You closely miss Scarto's ghost.
Scarto's ghost is moderately damaged.
Scarto's ghost hits you!
You focus on the pain.
You feel agile all of a sudden.
You hit Scarto's ghost.
Scarto's ghost is moderately damaged.
You block Scarto's ghost's attack. Scarto's ghost misses you.
You hit Scarto's ghost but do no damage.
Scarto's ghost is moderately damaged.
Scarto's ghost hits you!
* * * LOW HITPOINT WARNING * * *
Scarto's ghost hits you!
You die...

#............
#......#.....
#########......#..... #.
#.................#..
...#.#..#........##..#..
##.#.#..#.###....##..#..
................[.......
..>.....................
.......@.............#.#
...#...W...#######...#.#
. #.......#######...#..
#.......#....<#...# .
#.......#.#####...#
#.......'...†.....#
#.......########..#
#..(....(... ...#
##...#.##### ##...


You could see Scarto's ghost.

Vanquished Creatures
  2 adders (D:2)
  An ooze (D:3)
  3 worms
  2 dart slugs
  A giant gecko (D:2)
  5 giant cockroaches
  4 goblins
  6 hobgoblins
  2 quokkas (D:2)
  6 bats
  4 giant newts
  6 kobolds
  8 rats
50 creatures vanquished.

Notes
Turn   | Place    | Note
--------------------------------------------------------------
     0 | D:1      | Heskey the Demonspawn Fighter began the quest for the Orb.
     0 | D:1      | Reached XP level 1. HP: 18/18 MP: 1/1
   260 | D:1      | Gained mutation: You sometimes gain a little power by taking damage. [demonic ancestry]
   260 | D:1      | Reached XP level 2. HP: 20/24 MP: 2/2
   970 | D:2      | Reached XP level 3. HP: 30/30 MP: 3/3
   978 | D:2      | Found a faded altar to an unknown god.
  1586 | D:2      | Reached skill level 4 in Fighting
  1707 | D:2      | Reached XP level 4. HP: 34/37 MP: 4/4
  1903 | D:3      | Noticed Scarto's ghost (amateur GrFi)
  2712 | D:2      | Gained mutation: Your natural rate of healing is unusually fast. [potion of mutation]
  2712 | D:2      | Gained mutation: You possess an exceptional clarity of mind. [potion of mutation]
  2712 | D:2      | Lost mutation: You possess an exceptional clarity of mind. [potion of mutation]
  2871 | D:3      | Slain by Scarto's ghost

Skill      XL: |  1  2  3 |
---------------+----------+-----
Axes           | 2 |  2.6
Fighting       | 4 |  4.2
Armour         | 3 |  3.1
Shields        | |  2.6

Action                   |  1- 3 |  4- 6 || total
-------------------------+-------+-------++-------
Melee: War axe           |   157 |    66 ||   223
  Use: Scroll            |       |     8 ||     8
       Potion            |       |     4 ||     4
  Eat: Chunk             |     3 |     1 ||     4
       Bread ration      |       |     1 ||     1
Armor: Scale mail        |    81 |    37 ||   118
Dodge: Dodged            |    28 |    30 ||    58
Block: Shield            |    79 |    35 ||   114
